 Dungeon Crawl Stone Soup version 0.26-a0-542-gbaa144ba5c (webtiles) character file.

Game seed: 13259140693715885925

33 CovertPenguin the Gusty (level 3, -2/19 HPs)
             Began as a Tengu Air Elementalist on Aug 18, 2020.
             Slain by Robin
             ... wielding a +1 short sword of freezing
              (3 damage)
             ... on level 2 of the Dungeon.
             The game lasted 00:07:31 (1753 turns).

CovertPenguin the Gusty (Tengu Air Elementalist)    Turns: 1753, Time: 00:07:32

Health: -2/19      AC:  3    Str:  8    XL:     3   Next: 29%
Magic:  2/7        EV: 12    Int: 16    God:
Gold:   143        SH:  0    Dex: 14    Spells: 2/6 levels left

rFire    . . .     SeeInvis .   d - +0 club
rCold    . . .     Faith    .   (no shield)
rNeg     . . .     Spirit   .   a - +0 robe
rPois    .         Reflect  .   (helmet restricted)
rElec    .         Harm     .   i - +0 cloak
rCorr    .                      (no gloves)
MR       .....                  (boots unavailable)
Stlth    ++........             (no amulet)
HPRegen  0.06/turn              (no ring)
MPRegen  0.10/turn              (no ring)

@: mighty
A: beak, talons 3
a: no special abilities


You were on level 2 of the Dungeon.
You visited 1 branch of the dungeon, and saw 2 of its levels.

You collected 143 gold pieces.

Inventory:

Hand Weapons
 d - a +0 club (weapon)
   (You took it off a hobgoblin on level 1 of the Dungeon)
Missiles
 c - 6 boomerangs (quivered)
 f - 125 stones
Armour
 a - a +0 robe (worn)
 i - a +0 cloak (worn)
   (You found it on level 2 of the Dungeon)
Scrolls
 b - a scroll of magic mapping {unknown}
 e - a scroll of noise {unknown}
 g - a scroll of remove curse {unknown}
 h - 2 scrolls of identify {unknown}
 j - a scroll of immolation {unknown}
 k - a scroll of enchant weapon {unknown}


   Skills:
 - Level 2.1 Dodging
 - Level 2.0 Stealth
 - Level 2.0 Spellcasting
 * Level 3.5 Conjurations
 + Level 4.6 Air Magic


You had 2 spell levels left.
You knew the following spells:

 Your Spells              Type           Power        Failure   Level
a - Shock                 Conj/Air       ##..         4%          1
d - Static Discharge      Conj/Air       ##......     12%         3

Your spell library contained the following spells:

 Spells                   Type           Power        Failure   Level
 Swiftness                Air            ###.....     4%          2
 Airstrike                Air            ###.......   30%         4
 Lightning Bolt           Conj/Air       ##........   73%         5


Dungeon Overview and Level Annotations

Branches:
Dungeon (2/15)

Altars:
Nemelex Xobeh

Annotations:
D:2 Robin


Innate Abilities, Weirdness & Mutations

You have a beak for a mouth.
You have claws for feet.


Message History

Robin is nearby!
You start resting.
You start resting.
A hobgoblin is nearby!
Aim: a hobgoblin, wielding a +0 club (wandering, hasn't noticed you)
The zap hits the hobgoblin.
The hobgoblin shouts!
You hear a shout! x3
You start resting.
You hear a shout!
Robin is nearby!
Robin roars a battlecry!
You hear a shout!
You hit Robin.
Robin roars a battlecry!
You hear a shout!
You hit Robin. You claw Robin, but do no damage.
Robin hits you with a +1 short sword of freezing.
Robin freezes you. Robin closely misses you.
You see here a +0 hunting sling.
Aim: Robin, wielding a +1 short sword of freezing, wearing a +0 animal skin and wearing a +0 helmet (moderately wounded)
The zap misses Robin.
Robin misses you.
Aim: Robin, wielding a +1 short sword of freezing, wearing a +0 animal skin and wearing a +0 helmet (moderately wounded)
The zap hits Robin.
Robin hits you with a +1 short sword of freezing.
Robin freezes you.
The goblin no longer looks unusually strong.
Robin throws the goblin at you!
You hit the goblin. You claw the goblin.
You kill the goblin!
Robin roars a battlecry!
Aim: Robin, wielding a +1 short sword of freezing, wearing a +0 animal skin and wearing a +0 helmet (heavily wounded)
The zap hits Robin but does no damage.
A goblin comes into view. It is wielding a +0 dagger.
Aim: Robin, wielding a +1 short sword of freezing, wearing a +0 animal skin and wearing a +0 helmet (heavily wounded)
The zap hits Robin but does no damage.
Robin hits you with a +1 short sword of freezing.
* * * LOW HITPOINT WARNING * * *
Robin freezes you.
* * * LOW HITPOINT WARNING * * *
Aim: Robin, wielding a +1 short sword of freezing, wearing a +0 animal skin and wearing a +0 helmet (heavily wounded)
The zap hits Robin.
Robin says, "Duck!"
Robin hits you with a +1 short sword of freezing.
* * * LOW HITPOINT WARNING * * *
Robin freezes you.
* * * LOW HITPOINT WARNING * * *
It was a potion of might.
You feel very mighty all of a sudden.
Robin hits you with a +1 short sword of freezing.
You die...

#.# ###############
#.#.#....g).g@...(#
####.#.#.###########.# ......
#.# #.# .....# #.# #.#
.....###.# #.####### .##....#g#
#..[....# ..<......########
####....#
#.##...#...(....#######....#..
..)............................


You could see Robin and a goblin (strong).

Vanquished Creatures
  A worm (D:2)
  8 goblins
  3 hobgoblins
  2 jackals (D:1)
  3 bats
  2 frilled lizards (D:1)
  5 kobolds
  2 rats (D:1)
26 creatures vanquished.

Notes
Turn   | Place    | Note
-------+----------+-------------------------------------------
     0 | D:1      | CovertPenguin the Tengu Air Elementalist began the quest
                  | for the Orb.
     0 | D:1      | Reached XP level 1. HP: 10/10 MP: 4/4
   714 | D:1      | Reached XP level 2. HP: 15/15 MP: 4/6
  1516 | D:2      | Reached XP level 3. HP: 19/19 MP: 7/7
  1521 | D:2      | Learned a level 3 spell: Static Discharge
  1563 | D:2      | Found a sparkling altar of Nemelex Xobeh.
  1623 | D:2      | Noticed Robin
  1753 | D:2      | Slain by Robin

Illustrated notes

Levels and vault maps discovered:
D:1:      lemuel_arrival_tunnels, layout_basic, solitary_fountain
D:2:      layout_basic, nemelex_altar_shiori, uniq_robin

Skill      XL: |  1  2 |
---------------+-------+-----
Conjurations   | 2 3 |  3.5
Dodging        | |  2.1
Stealth        | |  2.0
Spellcasting   | |  2.0
Air Magic      | |  4.6

Action                   || total
-------------------------++-------
Melee: Club              ||    19
       Unarmed           ||     2
       Kick              ||     8
       Peck              ||     1
 Cast: Shock             ||    38
       Static Discharge  ||     2
  Use: Potion            ||     1
 Stab: Sleeping          ||     1
Armor: Robe              ||     5
Dodge: Dodged            ||    25

Table legend: (Time is in decaauts)
 A = Elapsed time spent in this place.
 B = Non-inter-level travel time spent in this place.
 C = Inter-level travel time spent in this place.
 D = Time resting spent in this place.
 E = Time spent auto-exploring this place.
 F = Levels seen in this place.
 G = Mean time per level.
                   A        B        C        D        E       F      G
               +--------+--------+--------+--------+--------+-----+--------+
         Total |   1758 |   1708 |     50 |    708 |    739 |   2 |  879.0 |
       Dungeon |   1758 |   1708 |     50 |    708 |    739 |   2 |  879.0 |
               +--------+--------+--------+--------+--------+-----+--------+

Top non-repeatable levels by time:
     D:1: 1174 daAuts
     D:2: 583 daAuts
